Map: Ephemeron LE

Players

MicroJFox - Winner!

  • Race: Protoss Protoss
  • League: Platinum
  • Spawn Location: 11:00

Amadros

  • Race: Zerg Zerg
  • League: Platinum
  • Spawn Location: 5:00

VOD

Have the link to the VOD?

Description

Time

  • Played on: Feb. 5, 2020, 8:37 a.m.
  • Length: 6:35
Show
View Real Time Build Order
Export as new Build Order

MicroJFox Protoss - Winner!

Build Orders:  

Get SALT Encoding   

  12  0:01  Probe  
  13  0:13  Probe  
  14  0:18  Pylon  
  14  0:25  Probe (Chrono Boost)  
  15  0:37  Forge  
  15  0:45  Probe  
  16  0:54  Pylon  
  16  1:00  Probe  
  17  1:10  Gateway  
  17  1:23  Photon Cannon  
  17  1:30  Photon Cannon  
  17  1:32  Probe  
  18  1:39  Assimilator  
  18  1:42  Assimilator  
  18  1:56  Pylon  
  18  1:59  Probe  
  19  2:06  Cybernetics Core  
  19  2:13  Probe (Chrono Boost)  
  19  2:19  Photon Cannon  
  19  2:27  Probe (Chrono Boost)  
  20  2:47  Twilight Council  
  20  2:48  Stalker  
  22  2:52  Probe  
  23  3:05  Warp Gate  
  23  3:13  Robotics Facility  
  23  3:23  Probe (Chrono Boost)  
  24  3:35  Probe (Chrono Boost)  
  25  3:47  Gateway  
  25  3:52  Gateway  
  25  4:08  Warp Prism  
  25  4:09  Dark Shrine  
  26  4:27  Shield Battery  
  26  4:37  Photon Cannon  
  26  5:00  Stalker  
  28  5:26  Dark Templar  
  30  5:31  Pylon  
  30  5:32  Pylon  
  30  5:38  Pylon  
  30  5:49  Dark Templar  
  32  5:50  Dark Templar  
  34  6:00  Dark Templar  
Show
View Real Time Build Order
Export as new Build Order

Amadros Zerg 

Build Orders: Hatch First 

Get SALT Encoding   

  12  0:02  Drone  
  13  0:12  Overlord  
  13  0:17  Drone  
  14  0:31  Drone x2  
  16  0:40  Drone  
  17  0:53  Hatchery  
  17  0:56  Drone  
  17  1:02  Drone, Extractor  
  17  1:17  Spawning Pool  
  17  1:29  Drone  
  18  1:39  Hatchery  
  17  1:44  Drone  
  17  1:45  Drone  
  19  2:03  Queen  
  19  2:05  Zergling x2  
  22  2:10  Overlord  
  22  2:16  Overlord  
  22  2:31  Zergling x4  
  24  2:42  Zergling x2  
  25  2:44  Queen  
  25  2:49  Metabolic Boost  
  27  2:58  Zergling x2  
  27  3:03  Zergling x2  
  28  3:12  Zergling x6  
  31  3:21  Zergling x2  
  32  3:45  Zergling x2  
  32  3:46  Zergling x4  
  30  3:56  Overlord  
  30  3:57  Overlord  
  30  4:01  Hatchery  
  29  4:14  Queen  
  31  4:31  Zergling x6  
  34  4:47  Drone  
  34  4:50  Extractor  
  34  4:56  Baneling Nest  
  34  4:59  Evolution Chamber  
  32  5:01  Evolution Chamber  
  30  5:20  Overlord x3  
  30  5:22  Zergling x2  
  31  5:32  Queen  
  33  5:40  Drone x5  
  38  5:48  Drone  
  39  5:50  Drone  
Tags
 
Add a new tag
Caveats
  • Supply blocks, unpowered buildings, or Contaminate may cause inaccurate times.
  • Supply counts are checked every 10 seconds.